 Dungeon Crawl Stone Soup version 0.29.0 (webtiles) character file.

Game seed: 1395024951423956713

1348 yaymichael the Magician (level 8, 0/58 HPs)
             Began as a Mummy Necromancer on Sept 2, 2022.
             Was an Initiate of Yredelemnul.
             Killed from afar by an electric eel (12 damage)
             ... with a bolt of electricity
             ... on level 6 of the Dungeon on Sept 3, 2022.
             The game lasted 00:21:52 (5812 turns).

yaymichael the Magician (Mummy Necromancer)         Turns: 5812, Time: 00:21:53

Health: 0/58       AC:  4    Str: 12    XL:     8   Next: 36%
Magic:  27/27      EV: 11    Int: 16    God:    Yredelemnul [......]
Gold:   245        SH:  0    Dex: 12    Spells: 4/21 levels left

rFire   x . .      SeeInvis .   n - +1 falchion (protect)
rCold   + . .      Faith    .   (no shield)
rNeg    + + +      Spirit   .   j - +0 leather armour
rPois   ∞          Reflect  .   (no helmet)
rElec   .          Harm     .   (no cloak)
rCorr   .          Rampage  .   k - +0 pair of gloves
Will    +....                   (no boots)
Stlth   ++........              (no amulet)
HPRegen 0.19/turn               l - ring of magical power
MPRegen 0.20/turn               f - ring of wizardry

@: no status effects
A: cold resistance 1, negative energy resistance 3, torment resistance 2, heat
vulnerability 1, in touch with death 1, no potions
a: Renounce Religion, Recall Undead Harvest


You were on level 6 of the Dungeon.
You worshipped Yredelemnul.
Yredelemnul was noncommittal.
You visited 1 branch of the dungeon, and saw 6 of its levels.

You collected 245 gold pieces.

Inventory:

Hand Weapons
 b - a +0 whip
 g - a +0 falchion
 n - a +1 falchion of protection (weapon)
Armour
 a - a +0 robe
 h - a +0 pair of gloves
 j - a +0 leather armour (worn)
 k - a +0 pair of gloves (worn)
Jewellery
 c - a ring of see invisible
 d - a ring of fire
 f - a ring of wizardry (right hand)
 l - a ring of magical power (left hand)
Wands
 p - a wand of mindburst (14)
Scrolls
 e - a scroll of fog
 m - 6 scrolls of identify
 q - a scroll of amnesia
 r - a scroll of enchant armour {unknown}
 s - a scroll of blinking


   Skills:
 * Level 3.1 Fighting
 * Level 2.8 Long Blades
 + Level 1.7 Armour
 + Level 2.0 Dodging
 * Level 3.5 Stealth
 * Level 7.0 Spellcasting
 * Level 6.6 Necromancy


You had 4 spell levels left.
You knew the following spells:

 Your Spells              Type           Power      Damage    Failure   Level
a - Necrotise             Necr           100%       1d9       1%          1
b - Vampiric Draining     Necr           40%        2d8       1%          3
c - Animate Dead          Necr           40%        N/A       4%          4
d - Sticky Flame          Conj/Fire      5%         2d3       50%         4
e - Agony                 Necr           40%        N/A       12%         5

Your spell library contained the following spells:

 Spells                   Type           Power      Damage    Failure   Level
 Dispel Undead            Necr           40%        3d16      4%          4
 Ensorcelled Hibernation  Hex/Ice        10%        N/A       10%         2
 Passwall                 Tmut/Erth      4%         N/A       10%         2
 Static Discharge         Conj/Air       5%         3-4/arc   10%         2
 Swiftness                Air            5%         N/A       19%         3
 Summon Ice Beast         Ice/Summ       5%         N/A       50%         4
 Summon Mana Viper        Hex/Summ       5%         N/A       83%         5
 Monstrous Menagerie      Summ           2%         N/A       100%        7


Dungeon Overview and Level Annotations

Branches:
Dungeon (6/15)
 Temple: D:4-7

Altars:
Cheibriados
Dithmenos
Yredelemnul

Shops:
D:1 =   D:4 *

Annotations:
D:2 Terence
D:3 1 runed translucent door, Crazy Yiuf
D:4 Menkaure


Innate Abilities, Weirdness & Mutations

You are immune to poison.
Your flesh is cold resistant. (rC+)
You are immune to negative energy. (rN+++)
You are immune to unholy pain and torment.
You are vulnerable to heat. (rF-)
You are in touch with the powers of death.
You do not drink.


Message History

The ufetubus barely misses you. The ufetubus misses you.
An orc comes into view. It is wielding a +0 trident.
The iguana hisses angrily.
The ufetubus hits you but does no damage. x2
The ufetubus attacks as you move away! The ufetubus barely misses you.
The ufetubus hits you but does no damage.
Found a leather armour.
Cast which spell? (? or * to list)
You can't see any susceptible monsters within range! (Use Z to cast anyway.) Unknown command.
Cast which spell? (? or * to list)
You can't see any susceptible monsters within range! (Use Z to cast anyway.) Unknown command.
You hit the ufetubus.
Your weapon exudes an aura of protection.
The ufetubus is moderately wounded.
The ufetubus hits you.
* * * LOW HITPOINT WARNING * * *
The ufetubus hits you.
* * * LOW HITPOINT WARNING * * *
The ufetubus hits you but does no damage.
The ufetubus misses you.
Okay, then.
The ufetubus attacks as you move away!
The ufetubus hits you but does no damage. x3
The ufetubus barely misses you.
The air fills with toxic fumes!
As you read the scroll of poison, it crumbles to dust.
The ufetubus completely misses you. The ufetubus hits you.
* * * LOW HITPOINT WARNING * * *
The ufetubus hits you.
* * * LOW HITPOINT WARNING * * *
The ufetubus closely misses you.
An electric eel comes into view.
The ufetubus attacks as you move away!
The ufetubus hits you but does no damage. x2
The electric eel shoots out a bolt of lightning at you!
The bolt of electricity hits you!
You die...
Yredelemnul claims you as an undead slave.

~~P...###§#...#
.#
♣P.......§§...##.
#
≈P~##....§§....§.
######§#..#§## ~
#§.. #.#.§§§§#
PS##§§§##l#§§§§§.
#§§§§§§§5§§§§§§.
#§§§§§§§§§§§§§§.
#§§§§§@§####§§§#
###§§§### .##
#§§§ # ##§# #. #.
#


You could see an iguana, an electric eel and an ufetubus.

Vanquished Creatures
  A black bear (D:5)
  An ice beast (D:5)
  A centaur (D:4)
  2 ogres (D:5)
  A gnoll sergeant (D:5)
  3 scorpions (D:5)
  A human zombie (D:4)
  3 hounds (D:5)
  2 iguanas (D:5)
  4 gnolls (D:5)
  5 adders
  A shadow imp (D:5)
  A white imp (D:5)
  3 worms (D:3)
  A dart slug (D:1)
  2 orcs (D:3)
  6 endoplasms
  2 giant cockroaches
  4 goblins
  10 hobgoblins
  9 jackals
  2 kobolds
  2 quokkas
  4 ball pythons
  A frilled lizard (D:3)
  An orc skeleton (D:4)
  5 rats
78 creatures vanquished.

Vanquished Creatures (collateral kills)
  A water moccasin (D:5)
  A scorpion (D:5)
  An elf skeleton (D:4)
  2 hounds
  A human skeleton (D:4)
  An adder (D:5)
  An orc (D:4)
  A bat (D:1)
  A hobgoblin (D:4)
  2 jackals (D:1)
  An orc skeleton (D:4)
  An orc zombie (D:4)
14 creatures vanquished.

Vanquished Creatures (others)
  A centaur zombie (D:4)
  A black bear zombie (D:5)
  4 scorpion zombies (D:5)
  An ice beast zombie (D:5)
  4 hound zombies
  3 adder zombies (D:5)
  An iguana zombie (D:5)
  A hobgoblin zombie (D:4)
  A kobold zombie (D:4)
  7 fungi (D:5)
  2 plants (D:6)
26 creatures vanquished.

Grand Total: 118 creatures vanquished

Notes
Turn   | Place    | Note
-------+----------+-------------------------------------------
     0 | D:1      | yaymichael the Mummy Necromancer began the quest for the
                  | Orb.
     0 | D:1      | Reached XP level 1. HP: 13/13 MP: 4/4
    19 | D:1      | Found a faded altar of an unknown god.
   106 | D:1      | Reached XP level 2. HP: 13/19 MP: 0/5
   394 | D:1      | Found Kuomass's Jewellery Shop.
   512 | D:1      | You fall into a shaft and drop 1 floor!
   816 | D:1      | Reached skill level 3 in Spellcasting
  1693 | D:2      | Gained mutation: You are in touch with the powers of death.
                  | [Mummy growth]
  1693 | D:2      | Reached XP level 3. HP: 25/25 MP: 4/7
  1819 | D:2      | Noticed Terence
  1830 | D:3      | Learned a level 3 spell: Vampiric Draining
  1837 | D:3      | Found a shadowy altar of Dithmenos.
  2164 | D:3      | Reached skill level 1 in Fighting
  2243 | D:3      | Found a runed translucent door.
  2244 | D:3      | Noticed Crazy Yiuf
  2717 | D:3      | Reached XP level 4. HP: 28/32 MP: 9/9
  3200 | D:4      | Learned a level 4 spell: Animate Dead
  3305 | D:4      | Reached skill level 4 in Spellcasting
  3439 | D:4      | Found a basalt altar of Yredelemnul.
  3444 | D:4      | Became a worshipper of Yredelemnul the Dark
  3472 | D:4      | Found a snail-covered altar of Cheibriados.
  3555 | D:4      | Noticed a centaur
  3563 | D:4      | Killed a centaur
  3564 | D:4      | Reached skill level 5 in Necromancy
  3564 | D:4      | Reached XP level 5. HP: 26/37 MP: 11/11
  3774 | D:4      | Reached * piety under Yredelemnul
  3813 | D:4      | Found Wyb Dueq's Assorted Antiques.
  3872 | D:4      | Reached skill level 1 in Long Blades
  3925 | D:4      | Reached XP level 6. HP: 44/44 MP: 13/13
  4013 | D:4      | Noticed Menkaure
  4226 | D:5      | Entered Level 5 of the Dungeon
  4226 | D:5      | Noticed a water moccasin
  4250 | D:5      | Reached skill level 1 in Armour
  4293 | D:5      | Learned a level 4 spell: Sticky Flame
  4321 | D:5      | Reached skill level 5 in Spellcasting
  4491 | D:5      | Reached XP level 7. HP: 48/50 MP: 14/14
  4559 | D:5      | Learned a level 5 spell: Agony
  4771 | D:5      | Reached ** piety under Yredelemnul
  4772 | D:5      | Reached skill level 6 in Spellcasting
  5013 | D:5      | Reached XP level 8. HP: 57/57 MP: 17/17
  5725 | D:5      | Reached skill level 7 in Spellcasting
  5812 | D:6      | Killed from afar by an electric eel

Illustrated notes

Levels and vault maps discovered:
D:1:      shiori_arrival_maze, layout_basic, serial_shops, nicolae_shop_crystal,
          chequers_ecumenical_altar_simple_redux
D:2:      layout_rooms, grunt_decor_fettered, uniq_terence
D:3:      layout_loops_corners, lemuel_crystal_altar, nrook_mini_backslash,
          uniq_crazy_yiuf_cottage
D:4:      layout_loops_corners, mainiacjoe_overflow_two_lobes,
          trog_three_pillars_becter, serial_shops, kennysheep_mini,
          nicolae_ossuary_entry_catacombs, uniq_menkaure
D:5:      layout_loops_ring, chequers_serial_rivers_room_a,
          dreamdust_mushroom_princess, grunt_ministairs_9
D:6:      layout_loops_ring, minmay_temple_entry_offerings, serial_bayou,
          serial_bayou_lagoon_a, serial_bayou_shore_a, serial_bayou_pond_b,
          serial_bayou_crossing

Skill      XL: |  1  2  3  4  5  6  7  8 |
---------------+-------------------------+-----
Spellcasting   | 3 4 5 6 7 |  7.0
Fighting       | 1 2 3 |  3.1
Stealth        | 2 3 |  3.5
Necromancy     | 5 6 |  6.6
Long Blades    | 1 2 |  2.8
Armour         | 1 |  1.7
Dodging        | 2 |  2.0

Action                   |  1- 3 |  4- 6 |  7- 9 || total
-------------------------+-------+-------+-------++-------
Melee: Whip              |    21 |       |       ||    21
       Falchion          |    14 |    79 |    62 ||   155
       Punch             |       |     1 |       ||     1
 Cast: Necrotise         |    76 |    24 |    33 ||   133
       Vampiric Draining |     1 |     4 |    11 ||    16
  Use: Scroll            |     8 |     2 |     2 ||    12
 Stab: Sleeping          |       |     1 |     4 ||     5
       Distracted        |       |       |     1 ||     1
Armor: Robe              |     6 |       |       ||     6
       Leather armour    |    10 |    38 |    42 ||    90
Dodge: Dodged            |    45 |    51 |    69 ||   165
